 Dungeon Crawl Stone Soup version 0.30-a0-777-ga9a30cbeda (console) character file.

Game seed: 9435104487913372043

1 rlgrobin the Trooper (level 1, 0/18 HPs)
             Began as a Mummy Monk on Feb 15, 2023.
             Slain by a ball python (3 damage)
             ... on level 1 of the Dungeon.
             The game lasted 00:00:24 (55 turns).

rlgrobin the Trooper (Mummy Monk)                     Turns: 55, Time: 00:00:24

Health: 0/18       AC:  0    Str: 14    XL:     1   Next: 16%
Magic:  1/1        EV: 12    Int:  9    God:
Gold:   0          SH:  0    Dex: 14    Spells: 0/0 levels left

rFire   x . .      SeeInvis .      - Unarmed
rCold   + . .      Faith    +    (no shield)
rNeg    + + +      Spirit   .    (no body armour)
rPois   ∞          Reflect  .    (no helmet)
rElec   .          Harm     .    (no cloak)
rCorr   .          Rampage  .    (no gloves)
Will    .....                    (no boots)
Stlth   ++                       (no amulet)
HPRegen 0.23/turn                (no ring)
MPRegen 0.07/turn                (no ring)

@: no status effects
A: cold resistance 1, negative energy resistance 3, torment resistance 2, heat
vulnerability 1, no potions, faith
a: no special abilities


You were on level 1 of the Dungeon.
You visited 1 branch of the dungeon, and saw 1 of its levels.

You aren't carrying anything.


   Skills:
 - Level 3.0 Fighting
 - Level 2.4 Dodging
 + Level 1.7 Stealth
 - Level 2.4 Unarmed Combat


You couldn't memorise any spells.
You didn't know any spells.
Your spell library was empty.

Dungeon Overview and Level Annotations

Branches:
Dungeon (1/15)

Altars:

Shops:
D:1 ?


Innate Abilities, Weirdness & Mutations

You are immune to poison.
Your flesh is cold resistant. (rC+)
You are immune to negative energy. (rN+++)
You are immune to unholy pain and torment.
You are vulnerable to heat. (rF-)
You do not drink.
You have a special connection with the divine. (Faith)


Message History

The ball python closely misses you. The ball python misses you.
You closely miss the ball python.
The ball python is severely wounded.
The ball python closely misses you. The ball python grabs you.
The ball python constricts you.
You barely miss the ball python.
The ball python is severely wounded.
The ball python closely misses you. The ball python constricts you.
You closely miss the ball python.
The ball python is heavily wounded.
The ball python bites you. The ball python constricts you.
You escape the ball python's grasp.
You closely miss the ball python.
The ball python is moderately wounded.
The ball python misses you. The ball python grabs you.
The ball python constricts you.
You barely miss the ball python.
The ball python is moderately wounded.
The bat hits you. The ball python bites you.
* * * LOW HITPOINT WARNING * * *
The ball python constricts you.
* * * LOW HITPOINT WARNING * * *
You escape the ball python's grasp.
The bat hits you.
* * * LOW HITPOINT WARNING * * *
The bat barely misses you. The ball python closely misses you.
The ball python barely misses you.
You hit the ball python.
The ball python is heavily wounded.
The ball python bites you.
* * * LOW HITPOINT WARNING * * *
The ball python barely misses you.
You barely miss the ball python.
The ball python is moderately wounded.
The ball python bites you.
* * * LOW HITPOINT WARNING * * *
The ball python barely misses you.
You barely miss the ball python.
The ball python is moderately wounded.
The ball python bites you.
You die...

.# ... ### ...
#######...### #.#
##.bSS@.......
##.##..###..#####...###
#...#...♣...# .##
#...#.?♣.♣..# .#
#...#.♣...♣.# #
#...#♣..∩.†♣#####.#
#...#.♣...♣.bS....#
#...#..♣.♣..S...###
##.......♣......##


You could see a bat and 2 ball pythons.

Vanquished Creatures
  A bat (D:1)
1 creature vanquished.

Notes
Turn   | Place    | Note
-------+----------+-------------------------------------------
     0 | D:1      | rlgrobin the Mummy Monk began the quest for the Orb.
     0 | D:1      | Reached XP level 1. HP: 18/18 MP: 1/1
    12 | D:1      | Found Sakuagge's Magic Scroll Shoppe.
    55 | D:1      | Slain by a ball python

Illustrated notes

Levels and vault maps discovered:
D:1:      minmay_arrival_five_plusses, layout_loops_cross, serial_shops,
          nicolae_diamond_shop, minmay_misc_feat_doors

Action                     || total
---------------------------++-------
  Melee: Unarmed           ||    17
  Dodge: Dodged            ||    20

Table legend: (Time is in decaauts)
 A = Elapsed time spent in this place.
 B = Non-inter-level travel time spent in this place.
 C = Inter-level travel time spent in this place.
 D = Time resting spent in this place.
 E = Time spent auto-exploring this place.
 F = Levels seen in this place.
 G = Mean time per level.
                   A        B        C        D        E       F      G
               +--------+--------+--------+--------+--------+-----+--------+
         Total |     54 |     54 |      0 |      2 |      8 |   1 |   54.0 |
       Dungeon |     54 |     54 |      0 |      2 |      8 |   1 |   54.0 |
               +--------+--------+--------+--------+--------+-----+--------+

Top non-repeatable levels by time:
     D:1: 54 daAuts
